[ PARTIDA AOE2 · #491719137 ]
UnrankedEspañoles vs Vietnamese
[ ANÁLISIS DE REPETICIÓN · EXTRAÍDO DE LA PARTIDA GRABADA ]
Feudal
13:23
Castillos
18:33
Imperial
—
| APM promedio | 32.2 |
| APM pico | 79 |
| eAPM promedio | 13.4 |
| Aldeanos / militares | 49 / 17 |
Foco
⚔️ 45.2% · 🌾 54.8%
Conquistador ×14 · Fishing Ship ×7 · Petard ×3
Feudal
14:17
Castillos
18:38
Imperial
—
| APM promedio | 28.7 |
| APM pico | 66 |
| eAPM promedio | 14.2 |
| Aldeanos / militares | 77 / 23 |
Foco
⚔️ 17.8% · 🌾 82.2%
Rattan Archer ×23 · Fishing Ship ×13
Feudal
14:33
Castillos
18:28
Imperial
—
| APM promedio | 24.4 |
| APM pico | 47 |
| eAPM promedio | 11.7 |
| Aldeanos / militares | 50 / 17 |
Foco
⚔️ 37.0% · 🌾 63.0%
Fishing Ship ×18 · Fire Galley ×10 · Unknown (2626) ×7 · Monk ×3 · Scout Cavalry ×2 · Demolition Raft ×2
Feudal
13:31
Castillos
22:00
Imperial
—
| APM promedio | 29.4 |
| APM pico | 96 |
| eAPM promedio | 16.2 |
| Aldeanos / militares | 72 / 13 |
Foco
⚔️ 24.5% · 🌾 75.5%
Unknown (2626) ×13 · Fishing Ship ×9 · Demolition Raft ×8 · Galley ×2 · Transport Ship ×2 · Fire Galley ×1
Feudal
14:39
Castillos
18:13
Imperial
—
| APM promedio | 38.4 |
| APM pico | 84 |
| eAPM promedio | 21.8 |
| Aldeanos / militares | 101 / 16 |
Foco
⚔️ 19.7% · 🌾 80.3%
Huskarl ×12 · Fishing Ship ×5 · Scorpion ×3 · Mangonel ×1 · Unknown (2626) ×1
Feudal
15:03
Castillos
19:12
Imperial
—
| APM promedio | 24.3 |
| APM pico | 50 |
| eAPM promedio | 13.2 |
| Aldeanos / militares | 38 / 4 |
Foco
⚔️ 27.1% · 🌾 72.9%
Fishing Ship ×9 · Mangonel ×3 · Scorpion ×1
Feudal
12:58
Castillos
23:17
Imperial
—
| APM promedio | 46.5 |
| APM pico | 138 |
| eAPM promedio | 22.4 |
| Aldeanos / militares | 70 / 7 |
Foco
⚔️ 27.2% · 🌾 72.8%
Fishing Ship ×9 · Militia ×3 · Mangonel ×3 · Fire Galley ×1 · Unknown (2626) ×1
Feudal
13:14
Castillos
24:17
Imperial
—
| APM promedio | 34.1 |
| APM pico | 70 |
| eAPM promedio | 12.9 |
| Aldeanos / militares | 52 / 13 |
Foco
⚔️ 29.4% · 🌾 70.6%
Fishing Ship ×10 · Archer ×6 · Skirmisher ×6 · Militia ×1
Mapa de la partida
Recursos iniciales + cada clic de construcción. Líneas = muros · curvas = relieve. ◆ oro · ⬟ piedra · ● bayas · ✦ reliquia · ◌ hueco del cierre
Tu base· Abierta — flanco sin cerrar
Base de Architector· Abierta — hueco de 10t
Base de Plox· Abierta — flanco sin cerrar
Base de ACI ShaN· Abierta — flanco sin cerrar
Base de FromEast· Abierta — flanco sin cerrar
Base de El Wicho· Abierta — hueco de 7t
Base de Naughty Fox· Abierta — flanco sin cerrar
Base de ALmotema· Abierta — hueco de 2t
Terreno inicial suavizado · ◌ = hueco del cierre detectado · pasá el cursor para detalles
Inputs por minuto
— Dadagama - - Architector
Build order — Dadagama
113 acciones detectadas en el replay
| 0:29 | Construir | Town Center |
| 1:36 | Construir | Dock |
| 1:47 | Construir | House |
| 2:44 | Crear | Villager (Male) ×4 |
| 2:44 | Crear | Villager (Male) ×4 |
| 3:57 | Crear | Fishing Ship |
| 4:16 | Investigar | Loom |
| 4:31 | Crear | Villager (Male) |
| 4:33 | Crear | Fishing Ship |
| 4:46 | Construir | House |
| 5:15 | Crear | Fishing Ship |
| 5:47 | Crear | Fishing Ship |
| 5:47 | Crear | Fishing Ship |
| 5:57 | Crear | Villager (Male) |
| 5:57 | Crear | Villager (Male) |
| 6:33 | Crear | Villager (Male) |
| 6:46 | Construir | House |
| 6:50 | Crear | Villager (Male) |
| 7:18 | Crear | Villager (Male) |
| 7:20 | Crear | Fishing Ship |
| 7:37 | Crear | Villager (Male) |
| 7:45 | Construir | House |
| 8:04 | Crear | Villager (Male) |
| 8:07 | Crear | Fishing Ship |
| 8:14 | Construir | House |
| 8:26 | Crear | Villager (Male) |
| 8:31 | Construir | House |
| 8:53 | Crear | Villager (Male) |
| 9:07 | Construir | House |
| 9:33 | Crear | Villager (Male) |
| 9:33 | Crear | Villager (Male) |
| 9:54 | Crear | Villager (Male) |
| 10:04 | Construir | Lumber Camp |
| 10:16 | Crear | Villager (Male) |
| 10:27 | Construir | House |
| 10:28 | Construir | House |
| 10:54 | Construir | Mill |
| 11:08 | Investigar | Feudal Age |
| 12:10 | Crear | Villager (Male) |
| 12:10 | Crear | Villager (Male) |
| 12:28 | Crear | Villager (Male) |
| 12:28 | Crear | Villager (Male) |
| 13:23 | Edad | Edad Feudal |
| 13:31 | Construir | Market |
| 13:51 | Construir | Blacksmith |
| 14:05 | Construir | Mining Camp |
| 14:14 | Crear | Villager (Male) |
| 14:28 | Crear | Villager (Male) |
| 14:31 | Construir | House |
| 14:32 | Construir | House |
| 15:24 | Construir | House |
| 15:25 | Construir | House |
| 15:46 | Investigar | Castle Age |
| 15:47 | Investigar | Castle Age |
| 16:10 | Construir | Barracks |
| 16:23 | Construir | House |
| 16:25 | Construir | House |
| 16:26 | Construir | House |
| 16:33 | Crear | Villager (Male) |
| 16:33 | Crear | Villager (Male) |
| 16:49 | Investigar | Double-Bit Axe |
| 17:19 | Construir | Mining Camp |
| 17:35 | Construir | Palisade Wall |
| 17:40 | Construir | Palisade Wall |
| 17:54 | Crear | Villager (Male) |
| 18:05 | Crear | Villager (Male) |
| 18:33 | Edad | Edad de los Castillos |
| 18:56 | Construir | Castle |
| 19:04 | Construir | Mining Camp |
| 19:11 | Crear | Villager (Male) |
| 19:11 | Crear | Villager (Male) |
| 19:44 | Construir | Palisade Wall |
| 19:51 | Construir | Palisade Wall |
| 20:08 | Construir | Stable |
| 20:18 | Crear | Conquistador ×5 |
| 20:23 | Investigar | Gold Mining |
| 21:19 | Investigar | Bow Saw |
| 21:25 | Crear | Villager (Male) |
| 21:48 | Crear | Villager (Male) |
| 21:48 | Crear | Villager (Male) |
| 22:36 | Crear | Villager (Male) |
| 22:36 | Crear | Villager (Male) |
| 22:57 | Crear | Petard |
| 22:58 | Crear | Petard |
| 23:25 | Crear | Villager (Male) ×2 |
| 23:51 | Crear | Petard |
| 24:43 | Crear | Conquistador ×2 |
| 24:56 | Crear | Villager (Male) |
| 25:21 | Crear | Conquistador |
| 25:22 | Crear | Conquistador |
| 26:37 | Crear | Conquistador ×3 |
| 26:43 | Construir | Farm |
| 26:43 | Construir | Farm |
| 26:43 | Construir | Farm |
| 26:44 | Construir | Farm |
| 26:44 | Construir | Farm |
| 26:44 | Construir | Farm |
| 26:44 | Construir | Farm |
| 26:44 | Construir | Farm |
| 26:45 | Construir | Farm |
| 26:45 | Construir | Farm |
| 27:52 | Crear | Conquistador |
| 27:53 | Crear | Conquistador |
| 27:54 | Crear | Villager (Male) ×2 |
| 27:56 | Construir | Farm |
| 27:56 | Construir | Farm |
| 27:56 | Construir | Farm |
| 27:57 | Construir | Farm |
| 27:57 | Construir | Farm |
| 27:57 | Construir | Farm |
| 29:00 | Crear | Villager (Male) ×5 |
| 29:02 | Construir | Farm |
| 29:05 | Investigar | Horse Collar |
Build order — Architector
Primeras 150 de 185 acciones detectadas
| 0:25 | Construir | Town Center |
| 1:51 | Construir | Dock |
| 1:53 | Construir | House |
| 2:55 | Crear | Villager (Male) |
| 2:55 | Crear | Villager (Male) |
| 2:56 | Crear | Villager (Male) |
| 3:18 | Crear | Villager (Male) |
| 3:18 | Crear | Villager (Male) |
| 4:09 | Crear | Fishing Ship |
| 4:18 | Construir | House |
| 4:56 | Crear | Villager (Male) |
| 4:56 | Crear | Villager (Male) |
| 4:56 | Crear | Villager (Male) |
| 5:25 | Crear | Villager (Male) |
| 5:25 | Crear | Villager (Male) |
| 5:25 | Crear | Villager (Male) |
| 5:39 | Crear | Fishing Ship |
| 6:03 | Crear | Villager (Male) |
| 6:03 | Crear | Villager (Male) |
| 6:22 | Construir | House |
| 6:50 | Construir | House |
| 7:06 | Construir | House |
| 7:17 | Crear | Villager (Male) |
| 7:18 | Crear | Villager (Male) |
| 7:18 | Crear | Villager (Male) |
| 7:25 | Construir | House |
| 7:52 | Crear | Villager (Male) |
| 7:52 | Crear | Villager (Male) |
| 8:13 | Crear | Villager (Male) |
| 8:18 | Crear | Fishing Ship |
| 8:18 | Crear | Fishing Ship |
| 8:21 | Construir | House |
| 8:31 | Construir | House |
| 8:47 | Crear | Villager (Male) |
| 9:04 | Construir | House |
| 9:13 | Construir | House |
| 9:21 | Crear | Villager (Male) |
| 10:02 | Crear | Villager (Male) |
| 10:02 | Crear | Villager (Male) |
| 10:16 | Crear | Fishing Ship |
| 10:16 | Crear | Fishing Ship |
| 10:44 | Crear | Villager (Male) |
| 11:19 | Crear | Fishing Ship |
| 11:35 | Construir | Mining Camp |
| 12:07 | Investigar | Feudal Age |
| 12:07 | Investigar | Feudal Age |
| 12:07 | Investigar | Feudal Age |
| 12:42 | Construir | Outpost |
| 13:03 | Construir | House |
| 13:23 | Construir | Outpost |
| 13:48 | Crear | Fishing Ship |
| 13:53 | Construir | House |
| 14:17 | Edad | Edad Feudal |
| 14:23 | Construir | Blacksmith |
| 14:34 | Construir | Mill |
| 14:47 | Construir | House |
| 14:49 | Construir | House |
| 14:58 | Construir | House |
| 15:07 | Construir | Market |
| 15:09 | Construir | House |
| 15:14 | Construir | Palisade Wall |
| 15:24 | Construir | House |
| 15:33 | Crear | Villager (Male) |
| 15:33 | Crear | Villager (Male) |
| 15:47 | Investigar | Castle Age |
| 16:27 | Construir | House |
| 16:31 | Construir | House |
| 16:37 | Construir | Palisade Wall |
| 16:47 | Investigar | Tech 906 |
| 17:02 | Construir | Lumber Camp |
| 17:21 | Construir | Outpost |
| 17:32 | Investigar | Double-Bit Axe |
| 18:34 | Investigar | Loom |
| 18:38 | Edad | Edad de los Castillos |
| 18:53 | Crear | Villager (Male) |
| 18:55 | Investigar | Wheelbarrow |
| 19:39 | Construir | Castle |
| 19:48 | Investigar | Padded Archer Armor |
| 19:51 | Crear | Villager (Male) |
| 19:51 | Crear | Villager (Male) |
| 20:13 | Construir | Dock |
| 20:38 | Construir | Town Center |
| 20:49 | Crear | Rattan Archer |
| 20:49 | Crear | Rattan Archer |
| 20:58 | Investigar | Fletching |
| 21:08 | Crear | Rattan Archer |
| 21:17 | Crear | Villager (Male) |
| 21:18 | Investigar | Town Watch |
| 21:25 | Crear | Fishing Ship |
| 21:25 | Crear | Fishing Ship |
| 21:40 | Investigar | Gillnets |
| 21:54 | Crear | Rattan Archer |
| 21:54 | Crear | Rattan Archer |
| 21:57 | Crear | Villager (Male) |
| 21:57 | Crear | Villager (Male) |
| 22:22 | Crear | Rattan Archer |
| 22:32 | Crear | Villager (Male) |
| 22:33 | Crear | Villager (Male) |
| 22:40 | Crear | Villager (Male) |
| 22:40 | Crear | Villager (Male) |
| 22:45 | Construir | Farm |
| 22:46 | Construir | Farm |
| 22:55 | Crear | Rattan Archer |
| 22:55 | Crear | Rattan Archer |
| 23:21 | Construir | Farm |
| 23:21 | Construir | Farm |
| 23:23 | Crear | Villager (Male) |
| 23:36 | Investigar | Stone Mining |
| 23:37 | Crear | Villager (Male) |
| 23:37 | Crear | Villager (Male) |
| 23:57 | Crear | Rattan Archer |
| 24:07 | Investigar | Leather Archer Armor |
| 24:16 | Crear | Villager (Male) |
| 24:16 | Crear | Villager (Male) |
| 24:16 | Crear | Villager (Male) |
| 24:46 | Crear | Rattan Archer |
| 24:46 | Crear | Rattan Archer |
| 24:52 | Crear | Villager (Male) |
| 24:52 | Crear | Villager (Male) |
| 25:29 | Crear | Villager (Male) |
| 25:29 | Crear | Villager (Male) |
| 25:44 | Crear | Villager (Male) |
| 25:48 | Construir | Town Center |
| 25:50 | Crear | Villager (Male) |
| 25:51 | Crear | Villager (Male) |
| 25:54 | Crear | Villager (Male) |
| 26:07 | Crear | Rattan Archer |
| 26:07 | Crear | Rattan Archer |
| 26:12 | Crear | Villager (Male) |
| 26:12 | Crear | Villager (Male) |
| 26:23 | Crear | Rattan Archer |
| 26:30 | Crear | Villager (Male) |
| 26:30 | Crear | Villager (Male) |
| 26:30 | Crear | Villager (Male) |
| 26:38 | Crear | Fishing Ship |
| 26:38 | Crear | Fishing Ship |
| 26:39 | Crear | Fishing Ship |
| 26:49 | Crear | Villager (Male) |
| 26:49 | Crear | Villager (Male) |
| 26:51 | Construir | Farm |
| 26:57 | Crear | Villager (Male) |
| 26:57 | Crear | Villager (Male) |
| 27:02 | Crear | Rattan Archer |
| 27:02 | Crear | Rattan Archer |
| 27:25 | Crear | Rattan Archer |
| 27:26 | Crear | Villager (Male) |
| 27:27 | Crear | Villager (Male) |
| 27:29 | Construir | Farm |
| 27:40 | Investigar | Horse Collar |
| 27:46 | Crear | Villager (Male) |
Build order — Plox
144 acciones detectadas en el replay
| 0:27 | Construir | Town Center |
| 0:43 | Construir | Town Center |
| 1:27 | Construir | Dock |
| 1:29 | Construir | House |
| 3:07 | Crear | Villager (Male) |
| 3:07 | Crear | Villager (Male) |
| 3:08 | Crear | Villager (Male) |
| 3:08 | Crear | Villager (Male) |
| 3:08 | Crear | Villager (Male) |
| 4:01 | Crear | Fishing Ship |
| 4:02 | Crear | Fishing Ship |
| 4:31 | Investigar | Loom |
| 4:35 | Crear | Villager (Male) |
| 4:35 | Crear | Villager (Male) |
| 4:50 | Construir | House |
| 5:12 | Crear | Fishing Ship |
| 5:12 | Crear | Fishing Ship |
| 5:55 | Crear | Fishing Ship |
| 5:56 | Crear | Fishing Ship |
| 6:08 | Crear | Villager (Male) |
| 6:08 | Crear | Villager (Male) |
| 6:33 | Crear | Villager (Male) |
| 6:33 | Crear | Villager (Male) |
| 6:45 | Construir | House |
| 6:52 | Crear | Villager (Male) |
| 6:52 | Crear | Villager (Male) |
| 7:11 | Crear | Villager (Male) |
| 7:11 | Crear | Villager (Male) |
| 7:14 | Crear | Fishing Ship |
| 7:14 | Crear | Fishing Ship |
| 7:58 | Crear | Villager (Male) |
| 7:58 | Crear | Villager (Male) |
| 8:00 | Crear | Fishing Ship |
| 8:00 | Crear | Fishing Ship |
| 8:34 | Crear | Villager (Male) |
| 8:35 | Crear | Villager (Male) |
| 8:35 | Crear | Villager (Male) |
| 8:38 | Construir | House |
| 9:04 | Crear | Villager (Male) |
| 9:28 | Construir | Dock |
| 9:38 | Crear | Villager (Male) |
| 9:50 | Crear | Fishing Ship |
| 10:05 | Crear | Villager (Male) |
| 10:05 | Crear | Villager (Male) |
| 10:22 | Construir | House |
| 10:40 | Crear | Villager (Male) |
| 10:50 | Crear | Fishing Ship |
| 10:56 | Crear | Fishing Ship |
| 11:01 | Crear | Villager (Male) |
| 11:35 | Construir | Mining Camp |
| 11:47 | Construir | House |
| 12:23 | Investigar | Feudal Age |
| 12:23 | Investigar | Feudal Age |
| 12:26 | Construir | Lumber Camp |
| 13:18 | Construir | Barracks |
| 13:24 | Crear | Villager (Male) |
| 13:24 | Crear | Villager (Male) |
| 14:33 | Edad | Edad Feudal |
| 14:34 | Construir | Stable |
| 14:37 | Investigar | Town Watch |
| 15:15 | Construir | Blacksmith |
| 15:23 | Investigar | Double-Bit Axe |
| 15:23 | Investigar | Double-Bit Axe |
| 15:36 | Crear | Demolition Raft |
| 15:47 | Investigar | Castle Age |
| 15:47 | Investigar | Castle Age |
| 15:55 | Construir | Palisade Gate |
| 16:39 | Crear | Demolition Raft |
| 16:47 | Construir | House |
| 17:00 | Crear | Unit 2626 |
| 17:04 | Crear | Fire Galley |
| 17:16 | Construir | House |
| 17:18 | Construir | Palisade Wall |
| 17:37 | Crear | Fire Galley |
| 17:47 | Construir | Dock |
| 18:08 | Crear | Villager (Male) |
| 18:08 | Crear | Villager (Male) |
| 18:27 | Crear | Fire Galley |
| 18:28 | Edad | Edad de los Castillos |
| 18:56 | Crear | Villager (Male) |
| 18:59 | Investigar | Bow Saw |
| 18:59 | Investigar | Bow Saw |
| 19:04 | Investigar | War Galley (upgrade) |
| 19:05 | Investigar | War Galley (upgrade) |
| 19:14 | Crear | Villager (Male) |
| 19:27 | Construir | House |
| 19:29 | Construir | Outpost |
| 19:33 | Crear | Villager (Male) |
| 19:44 | Construir | Dock |
| 19:49 | Investigar | Tech 906 |
| 19:50 | Crear | Fire Galley |
| 19:51 | Crear | Fire Galley |
| 20:02 | Crear | Villager (Male) |
| 20:14 | Crear | Scout Cavalry |
| 20:14 | Crear | Scout Cavalry |
| 20:22 | Crear | Fire Galley |
| 20:22 | Crear | Fire Galley |
| 20:47 | Construir | House |
| 20:59 | Investigar | Gillnets |
| 21:13 | Crear | Fire Galley |
| 21:13 | Crear | Fire Galley |
| 21:14 | Crear | Fire Galley |
| 21:15 | Crear | Villager (Male) |
| 21:20 | Construir | House |
| 21:23 | Construir | Palisade Gate |
| 21:51 | Crear | Unit 2626 |
| 21:51 | Crear | Unit 2626 |
| 21:51 | Crear | Unit 2626 |
| 21:53 | Crear | Villager (Male) |
| 22:29 | Crear | Unit 2626 |
| 22:29 | Crear | Unit 2626 |
| 22:29 | Crear | Unit 2626 |
| 22:30 | Crear | Villager (Male) |
| 22:31 | Crear | Villager (Male) |
| 22:36 | Construir | House |
| 22:37 | Construir | Palisade Wall |
| 23:20 | Construir | Town Center |
| 23:23 | Construir | Lumber Camp |
| 23:25 | Crear | Villager (Male) |
| 24:13 | Crear | Villager (Male) |
| 24:14 | Crear | Villager (Male) |
| 24:17 | Construir | Monastery |
| 24:42 | Construir | Monastery |
| 24:45 | Crear | Monk |
| 24:45 | Crear | Monk |
| 24:46 | Investigar | Sanctity |
| 24:48 | Crear | Villager (Male) |
| 24:48 | Crear | Villager (Male) |
| 25:11 | Crear | Monk |
| 26:26 | Crear | Villager (Male) |
| 26:27 | Crear | Villager (Male) |
| 26:27 | Crear | Villager (Male) |
| 26:28 | Crear | Villager (Male) |
| 26:28 | Crear | Villager (Male) |
| 26:28 | Crear | Villager (Male) |
| 26:40 | Investigar | Wheelbarrow |
| 26:40 | Investigar | Wheelbarrow |
| 26:55 | Crear | Fishing Ship |
| 26:55 | Crear | Fishing Ship |
| 26:55 | Crear | Fishing Ship |
| 26:57 | Crear | Fishing Ship |
| 26:57 | Crear | Fishing Ship |
| 27:57 | Construir | Castle |
| 28:14 | Crear | Villager (Male) |
Build order — ACI ShaN
Primeras 150 de 172 acciones detectadas
| 0:15 | Construir | Town Center |
| 0:37 | Construir | Dock |
| 0:52 | Construir | House |
| 1:00 | Construir | House |
| 2:39 | Crear | Villager (Male) |
| 2:39 | Crear | Villager (Male) |
| 2:40 | Crear | Villager (Male) |
| 2:40 | Crear | Villager (Male) |
| 2:40 | Crear | Villager (Male) |
| 2:40 | Crear | Villager (Male) |
| 3:18 | Crear | Fishing Ship |
| 3:42 | Crear | Villager (Male) |
| 3:42 | Crear | Villager (Male) |
| 3:50 | Construir | House |
| 4:46 | Crear | Fishing Ship |
| 4:46 | Crear | Fishing Ship |
| 5:04 | Crear | Villager (Male) |
| 5:24 | Crear | Fishing Ship |
| 5:25 | Crear | Villager (Male) |
| 5:25 | Crear | Villager (Male) |
| 5:55 | Construir | House |
| 5:57 | Crear | Villager (Male) |
| 5:57 | Crear | Villager (Male) |
| 6:12 | Crear | Villager (Male) |
| 6:12 | Crear | Villager (Male) |
| 6:33 | Crear | Fishing Ship |
| 6:33 | Crear | Fishing Ship |
| 6:44 | Crear | Villager (Male) |
| 6:44 | Crear | Villager (Male) |
| 6:47 | Crear | Villager (Male) |
| 6:47 | Crear | Villager (Male) |
| 6:56 | Construir | House |
| 7:03 | Crear | Fishing Ship |
| 7:34 | Crear | Villager (Male) |
| 7:34 | Crear | Villager (Male) |
| 7:34 | Crear | Villager (Male) |
| 7:41 | Crear | Fishing Ship |
| 8:02 | Crear | Villager (Male) |
| 8:02 | Crear | Villager (Male) |
| 8:21 | Crear | Fishing Ship |
| 8:28 | Construir | House |
| 8:48 | Crear | Villager (Male) |
| 9:02 | Crear | Villager (Male) |
| 9:26 | Crear | Villager (Male) |
| 9:41 | Construir | Lumber Camp |
| 9:57 | Construir | Dock |
| 10:09 | Crear | Villager (Male) |
| 10:18 | Construir | Mining Camp |
| 11:27 | Investigar | Feudal Age |
| 12:10 | Construir | House |
| 12:56 | Construir | Mill |
| 13:16 | Crear | Villager (Male) |
| 13:31 | Edad | Edad Feudal |
| 13:32 | Crear | Unit 2626 |
| 13:34 | Crear | Unit 2626 |
| 13:38 | Crear | Unit 2626 |
| 13:38 | Crear | Unit 2626 |
| 13:39 | Crear | Villager (Male) |
| 13:50 | Construir | Blacksmith |
| 13:53 | Crear | Villager (Male) |
| 13:59 | Construir | House |
| 14:02 | Crear | Villager (Male) |
| 14:07 | Investigar | Double-Bit Axe |
| 14:11 | Investigar | Horse Collar |
| 14:13 | Investigar | Gold Mining |
| 14:20 | Crear | Unit 2626 |
| 14:20 | Crear | Unit 2626 |
| 14:32 | Construir | House |
| 15:10 | Investigar | Wheelbarrow |
| 15:28 | Crear | Unit 2626 |
| 15:28 | Crear | Unit 2626 |
| 15:29 | Crear | Villager (Male) |
| 15:47 | Construir | House |
| 15:48 | Construir | House |
| 15:50 | Construir | House |
| 15:53 | Crear | Villager (Male) |
| 16:02 | Crear | Villager (Male) |
| 16:21 | Crear | Villager (Male) |
| 16:35 | Construir | House |
| 16:59 | Crear | Unit 2626 |
| 16:59 | Crear | Unit 2626 |
| 17:57 | Investigar | Loom |
| 18:08 | Construir | Market |
| 18:14 | Investigar | Padded Archer Armor |
| 18:15 | Crear | Villager (Male) |
| 18:36 | Crear | Villager (Male) |
| 18:50 | Crear | Villager (Male) |
| 19:16 | Crear | Villager (Male) |
| 19:35 | Investigar | Castle Age |
| 20:27 | Crear | Unit 2626 |
| 20:27 | Crear | Unit 2626 |
| 20:27 | Crear | Unit 2626 |
| 20:45 | Crear | Villager (Male) |
| 20:46 | Crear | Villager (Male) |
| 20:47 | Crear | Villager (Male) |
| 20:59 | Construir | House |
| 21:25 | Crear | Villager (Male) |
| 21:25 | Crear | Villager (Male) |
| 22:00 | Edad | Edad de los Castillos |
| 22:05 | Investigar | War Galley (upgrade) |
| 22:26 | Crear | Fire Galley |
| 22:32 | Crear | Galley |
| 22:33 | Crear | Galley |
| 22:36 | Crear | Transport Ship |
| 22:36 | Crear | Transport Ship |
| 23:00 | Construir | Town Center |
| 23:06 | Construir | Town Center |
| 23:06 | Crear | Villager (Male) |
| 23:14 | Investigar | Fletching |
| 23:14 | Investigar | Leather Archer Armor |
| 23:16 | Crear | Villager (Male) |
| 23:21 | Construir | Lumber Camp |
| 23:26 | Crear | Villager (Male) |
| 24:06 | Crear | Villager (Male) |
| 24:07 | Crear | Villager (Male) |
| 24:07 | Crear | Villager (Male) |
| 24:17 | Crear | Villager (Male) |
| 24:31 | Investigar | Tech 905 |
| 24:49 | Crear | Villager (Male) |
| 24:52 | Crear | Villager (Male) |
| 24:53 | Crear | Villager (Male) |
| 24:59 | Crear | Villager (Male) |
| 25:36 | Construir | Dock |
| 25:40 | Crear | Villager (Male) |
| 25:47 | Construir | Farm |
| 25:47 | Construir | Farm |
| 25:53 | Construir | House |
| 26:04 | Construir | Farm |
| 26:04 | Construir | Farm |
| 26:05 | Construir | Farm |
| 26:18 | Construir | Dock |
| 26:20 | Crear | Villager (Male) |
| 26:22 | Construir | Farm |
| 26:24 | Construir | Lumber Camp |
| 26:32 | Construir | Farm |
| 26:35 | Crear | Villager (Male) |
| 26:55 | Construir | Barracks |
| 26:55 | Crear | Villager (Male) |
| 27:04 | Construir | House |
| 27:05 | Construir | House |
| 27:11 | Construir | Farm |
| 27:11 | Crear | Villager (Male) |
| 27:35 | Crear | Demolition Raft |
| 27:40 | Crear | Demolition Raft |
| 27:40 | Crear | Demolition Raft |
| 28:01 | Crear | Demolition Raft |
| 28:01 | Crear | Villager (Male) |
| 28:04 | Construir | House |
| 28:06 | Construir | House |
| 28:07 | Construir | Palisade Wall |
Build order — FromEast
Primeras 150 de 227 acciones detectadas
| 0:15 | Construir | Town Center |
| 0:38 | Construir | Dock |
| 0:40 | Construir | House |
| 1:57 | Construir | Palisade Wall |
| 1:59 | Construir | Palisade Wall |
| 2:38 | Investigar | Loom |
| 2:38 | Crear | Villager (Male) |
| 2:38 | Crear | Villager (Male) |
| 2:39 | Crear | Villager (Male) |
| 2:39 | Crear | Villager (Male) |
| 2:39 | Crear | Villager (Male) |
| 3:42 | Crear | Fishing Ship |
| 3:54 | Crear | Villager (Male) |
| 3:55 | Crear | Villager (Male) |
| 4:41 | Crear | Fishing Ship |
| 4:55 | Crear | Villager (Male) |
| 4:55 | Crear | Villager (Male) |
| 4:59 | Construir | House |
| 5:32 | Crear | Villager (Male) |
| 5:59 | Crear | Villager (Male) |
| 6:01 | Crear | Fishing Ship |
| 6:18 | Construir | House |
| 6:21 | Crear | Villager (Male) |
| 6:21 | Crear | Villager (Male) |
| 6:50 | Crear | Fishing Ship |
| 6:59 | Crear | Villager (Male) |
| 7:25 | Crear | Villager (Male) |
| 7:34 | Construir | House |
| 7:40 | Crear | Fishing Ship |
| 7:44 | Crear | Villager (Male) |
| 8:04 | Crear | Villager (Male) |
| 8:11 | Crear | Villager (Male) |
| 8:30 | Construir | Mill |
| 8:35 | Crear | Villager (Male) |
| 9:04 | Crear | Villager (Male) |
| 9:28 | Construir | Mining Camp |
| 9:42 | Construir | House |
| 9:54 | Crear | Villager (Male) |
| 10:18 | Crear | Villager (Male) |
| 10:47 | Crear | Villager (Male) |
| 10:49 | Construir | Mining Camp |
| 10:56 | Crear | Villager (Male) |
| 11:21 | Crear | Villager (Male) |
| 11:34 | Crear | Villager (Male) |
| 11:50 | Construir | House |
| 11:59 | Construir | Outpost |
| 12:01 | Construir | Outpost |
| 12:06 | Crear | Villager (Male) |
| 12:16 | Investigar | Feudal Age |
| 12:16 | Investigar | Feudal Age |
| 13:43 | Crear | Villager (Male) |
| 13:44 | Crear | Villager (Male) |
| 14:39 | Edad | Edad Feudal |
| 14:40 | Construir | Outpost |
| 14:42 | Investigar | Town Watch |
| 14:45 | Construir | Market |
| 14:47 | Construir | Blacksmith |
| 15:33 | Investigar | Castle Age |
| 15:34 | Investigar | Castle Age |
| 17:06 | Construir | Mill |
| 17:49 | Construir | Palisade Wall |
| 17:54 | Construir | House |
| 17:58 | Construir | Palisade Wall |
| 18:10 | Construir | House |
| 18:13 | Edad | Edad de los Castillos |
| 18:25 | Construir | Castle |
| 18:34 | Construir | Town Center |
| 18:35 | Crear | Villager (Male) |
| 18:36 | Crear | Villager (Male) |
| 18:36 | Crear | Villager (Male) |
| 18:43 | Investigar | Horse Collar |
| 19:04 | Crear | Unit 2626 |
| 19:06 | Crear | Villager (Male) |
| 19:15 | Construir | Palisade Wall |
| 19:24 | Construir | Palisade Wall |
| 19:41 | Construir | Town Center |
| 19:42 | Crear | Villager (Male) |
| 19:43 | Crear | Villager (Male) |
| 19:43 | Crear | Villager (Male) |
| 20:00 | Crear | Villager (Male) |
| 20:00 | Crear | Villager (Male) |
| 20:00 | Crear | Villager (Male) |
| 20:01 | Crear | Villager (Male) |
| 20:01 | Crear | Villager (Male) |
| 20:01 | Crear | Villager (Male) |
| 20:04 | Construir | Farm |
| 20:05 | Construir | Farm |
| 20:10 | Construir | Farm |
| 20:14 | Crear | Villager (Male) |
| 20:14 | Crear | Villager (Male) |
| 20:42 | Crear | Villager (Male) |
| 20:42 | Crear | Villager (Male) |
| 20:42 | Crear | Villager (Male) |
| 20:44 | Construir | Farm |
| 20:51 | Construir | Farm |
| 21:10 | Crear | Villager (Male) |
| 21:10 | Crear | Villager (Male) |
| 21:11 | Crear | Villager (Male) |
| 21:13 | Construir | Farm |
| 21:16 | Construir | Farm |
| 21:27 | Crear | Villager (Male) |
| 21:27 | Crear | Villager (Male) |
| 21:32 | Construir | Farm |
| 21:39 | Crear | Villager (Male) |
| 21:39 | Crear | Villager (Male) |
| 21:42 | Construir | Farm |
| 22:04 | Crear | Villager (Male) |
| 22:04 | Crear | Villager (Male) |
| 22:05 | Crear | Villager (Male) |
| 22:27 | Construir | Siege Workshop |
| 22:28 | Crear | Villager (Male) |
| 22:28 | Crear | Villager (Male) |
| 22:28 | Crear | Villager (Male) |
| 22:36 | Crear | Villager (Male) |
| 22:37 | Crear | Villager (Male) |
| 22:46 | Construir | House |
| 22:47 | Construir | House |
| 22:47 | Construir | House |
| 22:49 | Crear | Villager (Male) |
| 22:50 | Crear | Villager (Male) |
| 23:06 | Crear | Villager (Male) |
| 23:07 | Crear | Villager (Male) |
| 23:10 | Crear | Mangonel |
| 23:11 | Crear | Villager (Male) |
| 23:11 | Crear | Villager (Male) |
| 23:21 | Crear | Huskarl |
| 23:21 | Crear | Huskarl |
| 23:25 | Crear | Huskarl |
| 23:25 | Crear | Huskarl |
| 23:28 | Construir | Farm |
| 23:32 | Construir | Farm |
| 23:33 | Crear | Villager (Male) |
| 23:33 | Crear | Villager (Male) |
| 23:36 | Construir | Farm |
| 23:45 | Crear | Huskarl |
| 23:45 | Crear | Huskarl |
| 23:54 | Crear | Huskarl |
| 23:54 | Crear | Huskarl |
| 24:05 | Crear | Huskarl |
| 24:06 | Crear | Huskarl |
| 24:33 | Crear | Villager (Male) |
| 24:34 | Crear | Villager (Male) |
| 24:34 | Crear | Villager (Male) |
| 24:35 | Crear | Villager (Male) |
| 24:52 | Crear | Huskarl |
| 24:53 | Crear | Huskarl |
| 25:20 | Crear | Scorpion |
| 26:02 | Crear | Scorpion |
| 26:02 | Crear | Scorpion |
| 26:03 | Crear | Villager (Male) |
Build order — El Wicho
103 acciones detectadas en el replay
| 0:27 | Construir | Town Center |
| 1:50 | Construir | Dock |
| 1:54 | Construir | House |
| 2:45 | Crear | Villager (Male) |
| 2:45 | Crear | Villager (Male) |
| 2:46 | Crear | Villager (Male) |
| 2:46 | Crear | Villager (Male) |
| 3:58 | Crear | Fishing Ship |
| 4:33 | Investigar | Loom |
| 4:52 | Construir | House |
| 4:58 | Crear | Fishing Ship |
| 5:13 | Crear | Villager (Male) |
| 5:21 | Construir | House |
| 5:41 | Construir | House |
| 6:01 | Crear | Fishing Ship |
| 6:15 | Crear | Villager (Male) |
| 6:28 | Crear | Fishing Ship |
| 6:45 | Crear | Villager (Male) |
| 7:04 | Crear | Villager (Male) |
| 7:08 | Construir | House |
| 7:19 | Crear | Villager (Male) |
| 7:40 | Crear | Fishing Ship |
| 7:46 | Construir | House |
| 7:53 | Crear | Villager (Male) |
| 7:54 | Crear | Villager (Male) |
| 8:15 | Crear | Villager (Male) |
| 8:17 | Crear | Fishing Ship |
| 8:29 | Construir | House |
| 8:31 | Crear | Villager (Male) |
| 9:14 | Construir | Lumber Camp |
| 9:17 | Crear | Villager (Male) |
| 9:32 | Construir | House |
| 9:36 | Crear | Villager (Male) |
| 9:37 | Crear | Villager (Male) |
| 9:37 | Crear | Villager (Male) |
| 9:37 | Crear | Villager (Male) |
| 9:37 | Crear | Villager (Male) |
| 9:39 | Crear | Villager (Male) |
| 10:24 | Construir | Palisade Wall |
| 10:43 | Crear | Fishing Ship |
| 10:43 | Crear | Fishing Ship |
| 10:55 | Construir | Dock |
| 11:13 | Construir | Mill |
| 11:21 | Crear | Villager (Male) |
| 11:35 | Crear | Fishing Ship |
| 11:39 | Construir | House |
| 11:52 | Crear | Villager (Male) |
| 12:53 | Investigar | Feudal Age |
| 13:07 | Construir | Mining Camp |
| 14:04 | Construir | House |
| 14:26 | Construir | House |
| 14:44 | Construir | Palisade Wall |
| 14:47 | Construir | House |
| 14:49 | Construir | Palisade Wall |
| 15:03 | Edad | Edad Feudal |
| 15:06 | Crear | Villager (Male) |
| 15:11 | Construir | Market |
| 15:16 | Construir | Blacksmith |
| 15:19 | Construir | House |
| 15:31 | Crear | Villager (Male) |
| 15:33 | Investigar | Double-Bit Axe |
| 16:07 | Crear | Villager (Male) |
| 16:30 | Investigar | Castle Age |
| 17:52 | Investigar | Tech 906 |
| 17:58 | Investigar | Fletching |
| 18:12 | Investigar | Gold Mining |
| 18:46 | Crear | Villager (Male) |
| 19:12 | Edad | Edad de los Castillos |
| 19:17 | Construir | Siege Workshop |
| 19:39 | Crear | Villager (Male) |
| 19:43 | Investigar | Bodkin Arrow |
| 20:22 | Crear | Mangonel |
| 20:24 | Crear | Villager (Male) |
| 20:52 | Crear | Villager (Male) |
| 21:18 | Crear | Mangonel |
| 21:19 | Crear | Villager (Male) |
| 21:55 | Construir | Farm |
| 21:57 | Construir | Farm |
| 21:58 | Construir | Farm |
| 22:00 | Construir | Farm |
| 22:09 | Crear | Villager (Male) |
| 22:26 | Crear | Villager (Male) |
| 22:36 | Crear | Villager (Male) |
| 22:54 | Construir | Palisade Wall |
| 23:52 | Crear | Villager (Male) |
| 23:58 | Crear | Mangonel |
| 23:59 | Crear | Villager (Male) |
| 24:03 | Construir | Farm |
| 24:11 | Crear | Villager (Male) |
| 24:15 | Crear | Scorpion |
| 24:26 | Crear | Villager (Male) |
| 24:49 | Construir | Farm |
| 24:56 | Construir | Mining Camp |
| 25:32 | Construir | Farm |
| 25:32 | Construir | Farm |
| 25:36 | Construir | Farm |
| 25:52 | Construir | Watch Tower |
| 27:01 | Crear | Villager (Male) |
| 27:02 | Investigar | Wheelbarrow |
| 27:02 | Investigar | Town Watch |
| 28:07 | Construir | Town Center |
| 28:30 | Construir | Town Center |
| 28:50 | Construir | Town Center |
Build order — Naughty Fox
Primeras 150 de 170 acciones detectadas
| 0:43 | Construir | Town Center |
| 2:07 | Construir | Dock |
| 2:09 | Construir | House |
| 3:06 | Investigar | Loom |
| 3:06 | Investigar | Loom |
| 3:07 | Crear | Villager (Male) ×4 |
| 3:07 | Crear | Villager (Male) ×4 |
| 4:41 | Crear | Fishing Ship |
| 4:41 | Crear | Fishing Ship |
| 5:03 | Construir | House |
| 5:20 | Crear | Villager (Male) |
| 5:20 | Crear | Villager (Male) |
| 5:21 | Crear | Villager (Male) |
| 5:44 | Crear | Fishing Ship |
| 5:59 | Crear | Villager (Male) |
| 5:59 | Crear | Villager (Male) |
| 5:59 | Crear | Villager (Male) |
| 6:25 | Crear | Villager (Male) |
| 6:25 | Crear | Villager (Male) |
| 6:45 | Crear | Villager (Male) |
| 6:45 | Crear | Villager (Male) |
| 6:47 | Crear | Fishing Ship |
| 7:08 | Construir | House |
| 7:14 | Crear | Villager (Male) |
| 7:14 | Crear | Villager (Male) |
| 7:31 | Crear | Villager (Male) |
| 7:32 | Crear | Villager (Male) |
| 7:54 | Crear | Fishing Ship |
| 8:03 | Crear | Villager (Male) |
| 8:03 | Crear | Villager (Male) |
| 8:03 | Crear | Villager (Male) |
| 8:31 | Crear | Villager (Male) |
| 8:32 | Crear | Villager (Male) |
| 8:32 | Crear | Villager (Male) |
| 8:32 | Crear | Villager (Male) |
| 8:33 | Crear | Villager (Male) |
| 8:38 | Construir | House |
| 9:09 | Construir | Mining Camp |
| 9:55 | Crear | Villager (Male) |
| 10:37 | Construir | Barracks |
| 10:49 | Investigar | Feudal Age |
| 10:49 | Investigar | Feudal Age |
| 11:24 | Construir | House |
| 11:38 | Construir | Palisade Gate |
| 11:41 | Construir | Palisade Wall |
| 11:43 | Crear | Militia |
| 11:43 | Crear | Militia |
| 11:55 | Construir | Palisade Wall |
| 12:01 | Crear | Militia |
| 12:09 | Construir | Palisade Wall |
| 12:26 | Construir | Outpost |
| 12:36 | Construir | Mill |
| 12:58 | Edad | Edad Feudal |
| 13:05 | Investigar | Man-at-Arms (upgrade) |
| 13:06 | Crear | Villager (Male) |
| 13:24 | Construir | Palisade Wall |
| 13:25 | Construir | Palisade Wall |
| 13:26 | Construir | Palisade Wall |
| 13:27 | Construir | Palisade Wall |
| 13:30 | Investigar | Town Watch |
| 13:38 | Crear | Villager (Male) |
| 13:41 | Construir | Lumber Camp |
| 14:30 | Crear | Villager (Male) |
| 14:33 | Investigar | Double-Bit Axe |
| 14:33 | Investigar | Double-Bit Axe |
| 14:41 | Construir | Outpost |
| 14:50 | Crear | Villager (Male) |
| 14:54 | Construir | Watch Tower |
| 15:02 | Construir | House |
| 15:07 | Crear | Villager (Male) |
| 15:25 | Crear | Villager (Male) |
| 15:44 | Construir | Palisade Wall |
| 15:45 | Construir | Palisade Wall |
| 15:46 | Construir | Palisade Wall |
| 15:47 | Construir | Palisade Wall |
| 15:48 | Construir | Palisade Wall |
| 15:49 | Crear | Villager (Male) |
| 15:53 | Construir | Mining Camp |
| 16:00 | Construir | House |
| 16:26 | Crear | Villager (Male) |
| 16:30 | Crear | Fishing Ship |
| 16:50 | Crear | Villager (Male) |
| 16:57 | Construir | Palisade Wall |
| 16:58 | Construir | Palisade Wall |
| 17:02 | Crear | Villager (Male) |
| 17:13 | Crear | Fire Galley |
| 17:17 | Crear | Unit 2626 |
| 17:18 | Construir | House |
| 17:19 | Construir | House |
| 17:31 | Construir | Watch Tower |
| 17:37 | Construir | House |
| 17:47 | Construir | House |
| 17:53 | Construir | Palisade Wall |
| 17:55 | Construir | Palisade Wall |
| 17:57 | Crear | Villager (Male) |
| 18:14 | Construir | House |
| 18:30 | Construir | Mill |
| 18:39 | Crear | Villager (Male) |
| 18:46 | Construir | Palisade Wall |
| 19:23 | Crear | Villager (Male) |
| 19:24 | Crear | Villager (Male) |
| 19:26 | Construir | Market |
| 19:40 | Construir | Palisade Wall |
| 19:47 | Construir | Palisade Wall |
| 20:02 | Construir | Dock |
| 20:10 | Construir | Blacksmith |
| 20:25 | Construir | House |
| 20:28 | Construir | Palisade Wall |
| 20:37 | Investigar | Castle Age |
| 20:38 | Investigar | Castle Age |
| 20:53 | Construir | House |
| 20:57 | Crear | Fishing Ship |
| 21:09 | Investigar | Fletching |
| 21:10 | Investigar | Fletching |
| 21:58 | Crear | Fishing Ship |
| 21:59 | Crear | Fishing Ship |
| 22:18 | Construir | Watch Tower |
| 22:31 | Construir | Archery Range |
| 23:15 | Crear | Villager (Male) |
| 23:17 | Edad | Edad de los Castillos |
| 23:19 | Crear | Villager (Male) |
| 23:21 | Investigar | Bodkin Arrow |
| 23:47 | Construir | Siege Workshop |
| 23:48 | Crear | Villager (Male) |
| 24:14 | Crear | Villager (Male) |
| 24:23 | Investigar | Crossbowman (upgrade) |
| 24:40 | Crear | Villager (Male) |
| 25:00 | Construir | Town Center |
| 25:07 | Crear | Villager (Male) |
| 25:17 | Crear | Mangonel |
| 25:17 | Crear | Mangonel |
| 25:17 | Crear | Mangonel |
| 25:20 | Crear | Villager (Male) |
| 25:20 | Crear | Villager (Male) |
| 25:20 | Crear | Villager (Male) |
| 25:20 | Crear | Villager (Male) |
| 25:20 | Crear | Villager (Male) |
| 25:49 | Construir | Watch Tower |
| 26:05 | Construir | Palisade Wall |
| 26:06 | Construir | Palisade Wall |
| 26:08 | Construir | Palisade Wall |
| 26:10 | Construir | Palisade Wall |
| 26:32 | Crear | Villager (Male) |
| 26:48 | Crear | Villager (Male) |
| 26:51 | Crear | Villager (Male) |
| 26:51 | Crear | Villager (Male) |
| 26:58 | Construir | Watch Tower |
| 27:03 | Construir | Palisade Wall |
| 27:04 | Construir | Palisade Wall |
| 27:20 | Construir | Watch Tower |
Build order — ALmotema
143 acciones detectadas en el replay
| 0:36 | Construir | Town Center |
| 1:12 | Construir | House |
| 1:55 | Construir | Dock |
| 2:51 | Crear | Villager (Male) |
| 2:51 | Crear | Villager (Male) |
| 2:54 | Crear | Villager (Male) |
| 2:54 | Crear | Villager (Male) |
| 4:12 | Crear | Fishing Ship |
| 4:13 | Crear | Fishing Ship |
| 4:16 | Construir | House |
| 4:30 | Crear | Villager (Male) |
| 4:44 | Investigar | Loom |
| 5:00 | Investigar | Loom |
| 5:16 | Crear | Villager (Male) |
| 5:16 | Crear | Villager (Male) |
| 5:46 | Crear | Villager (Male) |
| 5:46 | Crear | Villager (Male) |
| 6:06 | Crear | Villager (Male) |
| 6:14 | Crear | Fishing Ship |
| 6:14 | Crear | Fishing Ship |
| 6:25 | Crear | Villager (Male) |
| 6:25 | Crear | Villager (Male) |
| 6:35 | Construir | House |
| 6:46 | Crear | Fishing Ship |
| 6:46 | Crear | Fishing Ship |
| 7:30 | Crear | Fishing Ship |
| 7:42 | Crear | Villager (Male) |
| 7:42 | Crear | Villager (Male) |
| 7:54 | Crear | Villager (Male) |
| 7:55 | Crear | Villager (Male) |
| 7:55 | Crear | Villager (Male) |
| 8:10 | Crear | Villager (Male) |
| 8:32 | Crear | Villager (Male) |
| 8:32 | Crear | Villager (Male) |
| 8:50 | Crear | Fishing Ship |
| 8:56 | Construir | House |
| 8:57 | Crear | Villager (Male) |
| 9:19 | Crear | Villager (Male) |
| 9:25 | Crear | Fishing Ship |
| 10:10 | Construir | House |
| 10:14 | Crear | Fishing Ship |
| 10:40 | Construir | Lumber Camp |
| 10:49 | Construir | House |
| 10:50 | Construir | House |
| 11:02 | Investigar | Feudal Age |
| 11:02 | Investigar | Feudal Age |
| 11:37 | Construir | Lumber Camp |
| 12:10 | Construir | Barracks |
| 12:22 | Construir | Mining Camp |
| 12:40 | Crear | Villager (Male) |
| 12:40 | Crear | Villager (Male) |
| 12:46 | Construir | Palisade Wall |
| 13:14 | Construir | House |
| 13:14 | Edad | Edad Feudal |
| 13:19 | Investigar | Double-Bit Axe |
| 13:19 | Investigar | Double-Bit Axe |
| 13:24 | Construir | Archery Range |
| 13:31 | Crear | Villager (Male) |
| 13:41 | Investigar | Gold Mining |
| 13:41 | Investigar | Gold Mining |
| 14:09 | Crear | Militia |
| 14:18 | Construir | Blacksmith |
| 14:20 | Crear | Villager (Male) |
| 14:37 | Construir | Palisade Wall |
| 14:49 | Crear | Villager (Male) |
| 15:04 | Crear | Archer |
| 15:05 | Crear | Archer |
| 15:14 | Crear | Villager (Male) |
| 15:28 | Crear | Villager (Male) |
| 15:32 | Construir | Palisade Wall |
| 15:38 | Construir | Palisade Wall |
| 15:40 | Crear | Villager (Male) |
| 15:43 | Crear | Archer |
| 15:48 | Investigar | Fletching |
| 15:49 | Investigar | Fletching |
| 16:17 | Construir | Palisade Wall |
| 16:20 | Construir | House |
| 16:29 | Construir | Palisade Wall |
| 16:32 | Construir | Palisade Wall |
| 16:35 | Construir | Palisade Wall |
| 16:38 | Crear | Villager (Male) |
| 17:07 | Crear | Villager (Male) |
| 17:25 | Crear | Villager (Male) |
| 17:43 | Crear | Villager (Male) |
| 18:33 | Crear | Villager (Male) |
| 18:38 | Crear | Villager (Male) |
| 18:42 | Construir | Mill |
| 19:01 | Construir | House |
| 19:11 | Crear | Archer |
| 19:11 | Crear | Archer |
| 19:27 | Construir | House |
| 19:32 | Crear | Archer |
| 19:35 | Construir | Archery Range |
| 19:43 | Crear | Villager (Male) |
| 20:08 | Construir | Market |
| 20:12 | Crear | Villager (Male) |
| 20:22 | Construir | Lumber Camp |
| 20:44 | Crear | Villager (Male) |
| 20:46 | Crear | Skirmisher |
| 20:49 | Construir | House |
| 20:50 | Construir | House |
| 21:02 | Construir | Mining Camp |
| 21:10 | Crear | Villager (Male) |
| 21:13 | Construir | Farm |
| 21:22 | Crear | Skirmisher |
| 21:23 | Crear | Villager (Male) |
| 21:29 | Investigar | Castle Age |
| 21:29 | Investigar | Castle Age |
| 21:40 | Investigar | Padded Archer Armor |
| 21:40 | Investigar | Padded Archer Armor |
| 21:53 | Construir | Farm |
| 21:56 | Crear | Villager (Male) |
| 22:12 | Crear | Skirmisher |
| 22:31 | Construir | Farm |
| 22:32 | Construir | Farm |
| 22:33 | Construir | Farm |
| 22:36 | Crear | Skirmisher |
| 22:37 | Crear | Villager (Male) |
| 23:01 | Construir | Archery Range |
| 23:05 | Crear | Villager (Male) |
| 23:22 | Crear | Skirmisher |
| 23:24 | Crear | Skirmisher |
| 23:25 | Crear | Villager (Male) |
| 24:17 | Edad | Edad de los Castillos |
| 24:32 | Investigar | Bodkin Arrow |
| 24:33 | Investigar | Bodkin Arrow |
| 24:35 | Investigar | Thumb Ring |
| 24:35 | Investigar | Thumb Ring |
| 24:37 | Investigar | Elite Skirmisher (upgrade) |
| 24:37 | Investigar | Elite Skirmisher (upgrade) |
| 25:00 | Crear | Villager (Male) |
| 25:09 | Construir | Castle |
| 25:20 | Crear | Villager (Male) |
| 25:39 | Crear | Villager (Male) |
| 25:58 | Crear | Villager (Male) |
| 26:06 | Crear | Villager (Male) |
| 26:14 | Crear | Villager (Male) |
| 26:59 | Construir | House |
| 27:05 | Construir | House |
| 27:26 | Construir | Stone Wall |
| 27:30 | Crear | Villager (Male) |
| 27:34 | Investigar | Wheelbarrow |
| 27:34 | Investigar | Wheelbarrow |
Cronología de la partida
| 0:37 | ACI ShaN · first_building Dock |
| 0:38 | FromEast · first_building Dock |
| 1:27 | Plox · first_building Dock |
| 1:36 | Dadagama · first_building Dock |
| 1:50 | El Wicho · first_building Dock |
| 1:51 | Architector · first_building Dock |
| 1:55 | ALmotema · first_building Dock |
| 1:57 | FromEast · wall_segment Palisade Wall x1 |
| 1:59 | FromEast · wall_segment Palisade Wall x1 |
| 2:07 | Naughty Fox · first_building Dock |
| 10:24 | El Wicho · wall_segment Palisade Wall x1 |
| 10:37 | Naughty Fox · first_building Barracks |
| 11:41 | Naughty Fox · wall_segment Palisade Wall x1 |
| 11:55 | Naughty Fox · wall_segment Palisade Wall x3 |
| 12:09 | Naughty Fox · wall_segment Palisade Wall x2 |
| 12:10 | ALmotema · first_building Barracks |
| 12:46 | ALmotema · wall_segment Palisade Wall x1 |
| 12:58 | Naughty Fox · age_up feudal |
| 13:14 | ALmotema · age_up feudal |
| 13:18 | Plox · first_building Barracks |
| 13:23 | Dadagama · age_up feudal |
| 13:24 | Naughty Fox · wall_segment Palisade Wall x3 |
| 13:24 | ALmotema · first_building Archery Range |
| 13:25 | Naughty Fox · wall_segment Palisade Wall x2 |
| 13:26 | Naughty Fox · wall_segment Palisade Wall x3 |
| 13:27 | Naughty Fox · wall_segment Palisade Wall x2 |
| 13:31 | ACI ShaN · age_up feudal |
| 14:17 | Architector · age_up feudal |
| 14:33 | Plox · age_up feudal |
| 14:34 | Plox · first_building Stable |
| 14:37 | ALmotema · wall_segment Palisade Wall x14 |
| 14:39 | FromEast · age_up feudal |
| 14:44 | El Wicho · wall_segment Palisade Wall x1 |
| 14:49 | El Wicho · wall_segment Palisade Wall x1 |
| 15:03 | El Wicho · age_up feudal |
| 15:14 | Architector · wall_segment Palisade Wall x1 |
| 15:32 | ALmotema · wall_segment Palisade Wall x15 |
| 15:38 | ALmotema · wall_segment Palisade Wall x6 |
| 15:44 | Naughty Fox · wall_segment Palisade Wall x3 |
| 15:45 | Naughty Fox · wall_segment Palisade Wall x3 |
| 15:46 | Naughty Fox · wall_segment Palisade Wall x2 |
| 15:47 | Naughty Fox · wall_segment Palisade Wall x3 |
| 15:48 | Naughty Fox · wall_segment Palisade Wall x3 |
| 16:10 | Dadagama · first_building Barracks |
| 16:17 | ALmotema · wall_segment Palisade Wall x6 |
| 16:29 | ALmotema · wall_segment Palisade Wall x1 |
| 16:32 | ALmotema · wall_segment Palisade Wall x11 |
| 16:35 | ALmotema · wall_segment Palisade Wall x4 |
| 16:37 | Architector · wall_segment Palisade Wall x5 |
| 16:57 | Naughty Fox · wall_segment Palisade Wall x1 |
| 16:58 | Naughty Fox · wall_segment Palisade Wall x1 |
| 17:18 | Plox · wall_segment Palisade Wall x9 |
| 17:35 | Dadagama · wall_segment Palisade Wall x1 |
| 17:40 | Dadagama · wall_segment Palisade Wall x9 |
| 17:49 | FromEast · wall_segment Palisade Wall x6 |
| 17:53 | Naughty Fox · wall_segment Palisade Wall x4 |
| 17:55 | Naughty Fox · wall_segment Palisade Wall x3 |
| 17:58 | FromEast · wall_segment Palisade Wall x1 |
| 18:13 | FromEast · age_up castle |
| 18:25 | FromEast · first_building Castle |
| 18:28 | Plox · age_up castle |
| 18:33 | Dadagama · age_up castle |
| 18:38 | Architector · age_up castle |
| 18:46 | Naughty Fox · wall_segment Palisade Wall x2 |
| 18:56 | Dadagama · first_building Castle |
| 19:12 | El Wicho · age_up castle |
| 19:15 | FromEast · wall_segment Palisade Wall x1 |
| 19:17 | El Wicho · first_building Siege Workshop |
| 19:24 | FromEast · wall_segment Palisade Wall x1 |
| 19:36 | FromEast · first_market_buy 100 stone |
| 19:39 | Architector · first_building Castle |
| 19:40 | Naughty Fox · wall_segment Palisade Wall x1 |
| 19:44 | Dadagama · wall_segment Palisade Wall x10 |
| 19:47 | Naughty Fox · wall_segment Palisade Wall x2 |
| 19:51 | Dadagama · wall_segment Palisade Wall x1 |
| 20:02 | El Wicho · first_market_buy 100 food |
| 20:08 | Dadagama · first_building Stable |
| 20:11 | El Wicho · first_market_sell 100 food |
| 20:28 | Naughty Fox · wall_segment Palisade Wall x10 |
| 21:25 | ALmotema · first_market_sell 100 wood |
| 21:26 | ALmotema · first_market_buy 100 food |
| 22:00 | ACI ShaN · age_up castle |
| 22:27 | FromEast · first_building Siege Workshop |
| 22:31 | Naughty Fox · first_building Archery Range |
| 22:37 | Plox · wall_segment Palisade Wall x1 |
| 22:54 | El Wicho · wall_segment Palisade Wall x1 |
| 23:17 | Naughty Fox · age_up castle |
| 23:47 | Naughty Fox · first_building Siege Workshop |
| 24:04 | Architector · first_market_buy 100 food |
| 24:06 | Architector · first_market_sell 100 wood |
| 24:17 | ALmotema · age_up castle |
| 24:17 | Plox · first_building Monastery |
| 24:34 | Naughty Fox · first_market_sell 100 food |
| 25:09 | ALmotema · first_building Castle |
| 25:16 | Naughty Fox · first_market_buy 100 wood |
| 26:05 | Naughty Fox · wall_segment Palisade Wall x1 |
| 26:06 | Naughty Fox · wall_segment Palisade Wall x1 |
| 26:08 | Naughty Fox · wall_segment Palisade Wall x1 |
| 26:10 | Naughty Fox · wall_segment Palisade Wall x1 |
| 26:55 | ACI ShaN · first_building Barracks |
| 27:03 | Naughty Fox · wall_segment Palisade Wall x1 |
| 27:04 | Naughty Fox · wall_segment Palisade Wall x1 |
| 27:26 | ALmotema · wall_segment Stone Wall x1 |
| 27:57 | Plox · first_building Castle |
| 28:07 | ACI ShaN · wall_segment Palisade Wall x1 |
| 28:46 | FromEast · first_building Barracks |
| 29:14 | El Wicho · resign |
[ ANÁLISIS IA · 1 CRÉDITO ]
¿Qué pasó realmente en esta partida?
Wolo.gg analiza cada decisión: build order, eco, micro, errores típicos por bracket. Análisis personalizado por WhatsApp o Discord en 30 segundos.
Guía civ
Españoles
Perfil
Dadagama